 Dungeon Crawl Stone Soup version 0.27.1-34-g3ba077fa99 (webtiles) character file.

Game seed: 11211678556357992862

2544 zeram the Thaumaturge (level 9, -3/45 HPs)
             Began as a Deep Elf Conjurer on Jan 5, 2022.
             Slain by an orc warrior (4 damage)
             ... in a bailey.
             The game lasted 00:18:22 (7693 turns).

zeram the Thaumaturge (Deep Elf Conjurer)           Turns: 7693, Time: 00:18:22

Health: -3/45      AC:  6    Str:  4    XL:     9   Next: 30%
Magic:  24/26      EV: 13    Int: 27    God:
Gold:   286        SH:  0    Dex: 15    Spells: 17/30 levels left

rFire    . . .     SeeInvis .   u - +1 dagger (venom)
rCold    . . .     Faith    .   (no shield)
rNeg     . . .     Spirit   .   a - +0 robe
rPois    +         Reflect  .   (no helmet)
rElec    .         Harm     .   m - +1 cloak
rCorr    .         Rampage  .   w - +1 pair of gloves "Hycwodgh" {rPois Dex+2}
Will     .....                  (no boots)
Stlth    ++........             (no amulet)
HPRegen  0.15/turn              c - ring of poison resistance
MPRegen  0.20/turn              (no ring)

@: no status effects
A: no striking features
a: no special abilities


You were in a bailey.
You visited 1 branch of the dungeon, and saw 7 of its levels.
You also visited: Bailey.

You collected 286 gold pieces.

Inventory:

Hand Weapons
 e - a +1 short sword of draining
 t - a +0 dagger of venom
 u - a +1 dagger of venom (weapon)
Armour
 a - a +0 robe (worn)
 m - a +1 cloak (worn)
 w - the +1 pair of gloves "Hycwodgh" (worn) {rPois Dex+2}
   (You found it on level 4 of the Dungeon)

   Dex:       It affects your dexterity (+2).
   rPois:     It protects you from poison.
Magical Staves
 d - a staff of earth
Jewellery
 c - a ring of poison resistance (left hand)
 k - a ring of fire
 n - an amulet of faith
Wands
 s - a wand of mindburst (25)
Scrolls
 b - 2 scrolls of fear
 o - 2 scrolls of fog
 p - 8 scrolls of teleportation
 x - a scroll of summoning {unknown}
 y - a scroll of enchant armour
Potions
 f - 2 potions of resistance
 h - 5 potions of mutation
 i - a potion of might {unknown}
 j - 3 potions of curing
 l - 3 potions of attraction
 q - 2 potions of heal wounds {unknown}
 r - a potion of brilliance {unknown}
 v - a potion of lignification {unknown}
 z - a potion of flight
 A - a potion of haste {unknown}


   Skills:
 + Level 3.9 Dodging
 - Level 2.4 Stealth
 + Level 11.4 Spellcasting
 + Level 10.6 Conjurations


You had 17 spell levels left.
You knew the following spells:

 Your Spells              Type           Power      Damage    Failure   Level
a - Magic Dart            Conj           100%       1d8       1%          1
b - Searing Ray           Conj           100%       3d7       1%          2
c - Dazzling Flash        Conj/Hex       88%        N/A       1%          3
d - Iskenderun's Mystic   Conj/Tloc      44%        2d10      4%          4
e - Call Canine Familiar  Summ           15%        N/A       11%         3

Your spell library contained the following spells:

 Spells                   Type           Power      Damage    Failure   Level
 Fulminant Prism          Conj/Hex       22%        3d13      4%          4
 Gell's Gravitas          Tloc           7%         N/A       11%         3
 Portal Projectile        Hex/Tloc       30%        N/A       11%         3
 Teleport Other           Tloc           15%        N/A       11%         3
 Tukima's Dance           Hex            15%        N/A       11%         3
 Animate Armour           Summ/Erth      30%        N/A       36%         4
 Leda's Liquefaction      Hex/Erth       7%         N/A       36%         4
 Passage of Golubria      Tloc           N/A        N/A       36%         4
 Iron Shot                Conj/Erth      22%        9d5       54%         6
 Blade Hands              Tmut           7%         N/A       71%         5
 Yara's Violent Unravell  Hex/Tmut       7%         3d5       71%         5
 Dispersal                Tloc           7%         N/A       99%         6


Dungeon Overview and Level Annotations

Branches:
Dungeon (7/15)             Bailey (1/1)
 Temple: D:4-7

Altars:
Fedhas

Shops:
D:4 (

Annotations:
D:3 2 transporters, pkoi's ghost, amateur DrMo


Message History

The orc warrior goes into a battle-frenzy!
Aiming: Mindburst
Press: ? - help, Shift-Dir - straight line, f - orc warlord
Aim: an orc warlord, wielding a +0 great sword of holy wrath and wearing a +0 chain mail (lightly wounded, chance to affect: 30%)
The orc warlord easily resists.
Aiming: Mindburst
Press: ? - help, Shift-Dir - straight line, f/p - orc warlord
Aim: an orc warlord, wielding a +0 great sword of holy wrath and wearing a +0 chain mail (lightly wounded, chance to affect: 30%)
The orc warlord easily resists.
Aiming: Mindburst
Press: ? - help, Shift-Dir - straight line, f/p - orc warlord
Aim: an orc warlord, wielding a +0 great sword of holy wrath and wearing a +0 chain mail (lightly wounded, chance to affect: 30%)
The orc warlord easily resists.
Aiming: Mindburst
Press: ? - help, Shift-Dir - straight line, f/p - orc warlord
Aim: an orc warlord, wielding a +0 great sword of holy wrath and wearing a +0 chain mail (lightly wounded, chance to affect: 30%)
The orc warlord easily resists.
You float gracefully downwards.
Unknown command.
There is an open door, spattered with blood here.
Items here: ))))) [[[[[.
Aiming: Mindburst
Press: ? - help, Shift-Dir - straight line, f/p - orc warlord
Aim: an orc warlord, wielding a +0 great sword of holy wrath and wearing a +0 chain mail (lightly wounded, chance to affect: 30%)
The orc warlord's mind is blasted!
Unknown command.
The orc warrior no longer looks unusually strong.
The orc warlord barely misses you. The orc warrior closely misses you.
The orc warlord roars a battlecry!
The orc warrior goes into a battle-frenzy!
There is an open gate here.
You feel better.
The orc warrior hits you with a +0 war axe!
* * * LOW HITPOINT WARNING * * *
The orc warlord closely misses you.
Unknown command.
Unknown command.
Okay, then.
The orc warrior hits you with a +0 war axe.
You die...

.......).# .......).#
.......)### ♣♣♣
#.....#)#.### ♣♣♣.♣♣♣
###.###.....###♣♣.....♣♣
###.........##.......♣
#.....)).)..#.......♣♣
#........).o'........♣
#.....⌠.....o@.∩.∩..♣♣
#...........'.......♣
#...........#.......♣
##.........##.......♣
###.....###♣♣♣.....♣
#+#.### ♣..♣♣♣♣ ### ♣♣♣♣


You could see an orc warlord and an orc warrior (strong).

Vanquished Creatures
  An orc knight (Bailey)
  3 water moccasins
  4 orc warriors
  A black bear (D:5)
  A necrophage (D:5)
  A sky beast (D:6)
  An ogre (D:5)
  2 kobold brigands
  2 scorpions (D:5)
  A centaur zombie (D:6)
  A bullfrog skeleton (D:6)
  3 jellies
  2 orc priests (D:4)
  A hound (D:3)
  2 centaur skeletons
  Crazy Yiuf (D:2)
  Ijyb (D:4)
  2 iguanas (D:6)
  4 orc wizards
  Natasha (thrice) (D:2)
  3 adders
  5 gnolls (Bailey)
  A howler monkey skeleton (D:5)
  A shadow imp (D:7)
  An ufetubus (D:5)
  A worm (D:4)
  A dart slug (D:2)
  26 orcs
  5 ball pythons
  4 bats
  10 endoplasms
  A giant cockroach (D:3)
  25 goblins
  21 hobgoblins
  3 jackals (D:4)
  5 quokkas
  4 frilled lizards
  11 kobolds
  4 rats
169 creatures vanquished.

Notes
Turn   | Place    | Note
-------+----------+-------------------------------------------
     0 | D:1      | zeram the Deep Elf Conjurer began the quest for the Orb.
     0 | D:1      | Reached XP level 1. HP: 10/10 MP: 6/6
   647 | D:1      | Reached XP level 2. HP: 15/15 MP: 6/8
  1112 | D:2      | Reached skill level 5 in Conjurations
  1144 | D:2      | Learned a level 2 spell: Searing Ray
  1353 | D:2      | Noticed Natasha
  1358 | D:2      | Killed Natasha
  1359 | D:2      | Reached XP level 3. HP: 19/19 MP: 2/10
  1360 | D:2      | Noticed Natasha
  1363 | D:2      | Learned a level 3 spell: Dazzling Flash
  1366 | D:2      | Killed Natasha
  1367 | D:2      | Reached XP level 4. HP: 24/24 MP: 0/11
  1566 | D:2      | Noticed Natasha
  1573 | D:2      | Killed Natasha
  1574 | D:2      | Reached skill level 4 in Spellcasting
  1966 | D:2      | Found a runed translucent door.
  1967 | D:2      | Noticed Crazy Yiuf
  1973 | D:2      | Killed Crazy Yiuf
  1974 | D:2      | Reached XP level 5. HP: 23/28 MP: 8/13
  2178 | D:3      | Found a transporter.
  2180 | D:3      | Noticed pkoi's ghost (amateur DrMo)
  2180 | D:3      | Found a blossoming altar of Fedhas.
  2301 | D:3      | Learned a level 4 spell: Iskenderun's Mystic Blast
  2412 | D:3      | Found a transporter.
  3245 | D:4      | Noticed Ijyb
  3251 | D:4      | Killed Ijyb
  3252 | D:4      | Reached skill level 5 in Spellcasting
  3606 | D:4      | Learned a level 3 spell: Call Canine Familiar
  3722 | D:4      | Reached XP level 6. HP: 32/32 MP: 7/15
  4078 | D:4      | Found Bonaseaf's Antique Weapon Boutique.
  4089 | D:4      | Identified the +1 pair of gloves "Hycwodgh" {rPois Dex+2}
  4472 | D:5      | Entered Level 5 of the Dungeon
  4523 | D:5      | Reached skill level 6 in Spellcasting
  4554 | D:5      | Reached XP level 7. HP: 36/36 MP: 11/18
  4664 | D:5      | Reached skill level 7 in Spellcasting
  5114 | D:5      | Reached skill level 8 in Spellcasting
  5334 | D:5      | Reached XP level 8. HP: 36/41 MP: 15/22
  5708 | D:6      | Reached skill level 9 in Spellcasting
  6788 | D:7      | Reached skill level 10 in Spellcasting
  7022 | D:7      | Found a flagged portal.
  7033 | Bailey   | Entered a bailey
  7359 | Bailey   | Reached skill level 10 in Conjurations
  7362 | Bailey   | Reached XP level 9. HP: 35/45 MP: 15/25
  7461 | Bailey   | Noticed an orc knight
  7470 | Bailey   | Killed an orc knight
  7471 | Bailey   | Reached skill level 11 in Spellcasting
  7636 | Bailey   | Noticed an orc warlord
  7692 | Bailey   | HP: 1/45 [orc warrior (17)]
  7693 | Bailey   | Slain by an orc warrior

Illustrated notes

Levels and vault maps discovered:
D:1:      heliophobic_arrival_battle_scene, layout_basic, corexii_corridor_pit,
          hangedman_decor_lopped
D:2:      layout_rooms, minmay_misc_feat_five, minmay_crystal_room,
          uniq_natasha, uniq_crazy_yiuf_cottage
D:3:      layout_loops_corners, mainiacjoe_overflow_paths,
          gammafunk_ghost_stat_death, kennysheep_generic_room_15
D:4:      layout_loops_corners, serial_shops, nicolae_shop_overgrown_old_shop,
          minivault_23, supply_closet_lemuel, dk_noncrumbling_2, minivault_5,
          uniq_ijyb
D:5:      layout_basic
D:6:      layout_loops_cross, hangedman_decor_clover_reticule
D:7:      layout_layer_cave, minmay_temple_entry_offerings, serial_shops, shop,
          enter_bailey_3
Bailey:   bailey_axe_minmay_hex_keep, bailey

Skill      XL: |  1  2  3  4  5  6  7  8  9 |
---------------+----------------------------+-----
Conjurations   | 5 6 7 8 10 | 10.6
Spellcasting   | 4 5 6 8 10 11 | 11.4
Dodging        | 3 |  3.9
Stealth        | |  2.4

Action                   |  1- 3 |  4- 6 |  7- 9 || total
-------------------------+-------+-------+-------++-------
Melee: Short sword       |     4 |     9 |       ||    13
       Dagger            |       |     2 |     6 ||     8
 Cast: Magic Dart        |    42 |    35 |    35 ||   112
       Searing Ray       |     2 |    29 |    61 ||    92
Evoke: Wand              |       |       |     5 ||     5
  Use: Scroll            |     7 |     5 |     6 ||    18
       Potion            |       |       |     2 ||     2
 Stab: Sleeping          |     1 |     1 |       ||     2
Armor: Robe              |     2 |     4 |    13 ||    19
Dodge: Dodged            |     3 |     7 |    40 ||    50
